 Dungeon Crawl Stone Soup version 0.22-a0-351-g29664b4 (webtiles) character file.

588 Kidiri the Shield-Bearer (level 7, -3/44 HPs)
             Began as a Gargoyle Fighter on Apr 12, 2018.
             Slain by Amnesiac's ghost (6 damage)
             ... on level 4 of the Dungeon.
             The game lasted 00:09:24 (3740 turns).

Kidiri the Shield-Bearer (Gargoyle Fighter)         Turns: 3740, Time: 00:09:25

Health: -3/44      AC: 14    Str: 19 (21) XL:     7   Next: 38%
Magic:  8/8        EV:  8    Int:  5 (8)  God:
Gold:   223        SH:  9    Dex: 11 (12) Spells: 5/8 levels left

rFire    . . .     SeeInvis .   a - +0 flail
rCold    . . .     Gourm    +   c - +0 shield
rNeg     + . .     Faith    .   b - +0 scale mail
rPois    ∞         Spirit   .   (no helmet)
rElec    +         Reflect  .   r - +0 cloak
rCorr    .         Harm     .   h - +0 pair of gloves
MR       .....                  (no boots)
Stlth    ..........             o - amulet of the gourmand
HPRegen  0.14/turn              (no ring)
MPRegen  0.11/turn              (no ring)

@: no status effects
A: big wings, agile 1, blurry vision 1, negative energy resistance 1,
electricity resistance, unbreathing, petrification resistance, rot immunity,
MP-powered wands, AC +4
a: Fly


You were on level 4 of the Dungeon.
You were very full.

You visited 1 branch of the dungeon, and saw 4 of its levels.

You collected 223 gold pieces.

Inventory:

Hand Weapons
 a - a +0 flail (weapon)
Missiles
 k - 5 javelins (quivered)
Armour
 b - a +0 scale mail (worn)
 c - a +0 shield (worn)
 h - a +0 pair of gloves (worn)
 r - a +0 cloak (worn)
Jewellery
 o - an amulet of the gourmand (around neck)
Wands
 d - a wand of random effects (18)
Scrolls
 e - 4 scrolls of remove curse
 g - 2 scrolls of teleportation
 j - a scroll of magic mapping {unknown}
 l - a scroll of blinking {unknown}
 m - a scroll of fog {unknown}
 s - a scroll of noise {unknown}
 v - a scroll of enchant weapon {unknown}
Potions
 i - 3 potions of haste
 n - a potion of curing
 p - 2 potions of heal wounds
 q - a potion of berserk rage {unknown}
Comestibles
 f - 8 rations


   Skills:
 * Level 4.8 Fighting
 * Level 3.6 Maces & Flails
 + Level 1.4 Throwing
 * Level 4.8 Armour
 + Level 1.5 Dodging
 + Level 2.1 Stealth
 * Level 4.9 Shields
 + Level 1.1 Spellcasting


You had 5 spell levels left.
You knew the following spells:

 Your Spells              Type           Power        Failure   Level  Hunger
a - Mephitic Cloud        Conj/Pois/Air  #.......     100%        3    ####...


Dungeon Overview and Level Annotations

Branches:
Dungeon (4/15)
 Temple: D:4-7

Altars:
Ru

Annotations:
D:4 Amnesiac's ghost, novice SpBe


Innate Abilities, Weirdness & Mutations

You are resistant to torment.
Your stone body is resilient. (AC +4)
You are immune to poison.
You resist negative energy. (rN+)
You are resistant to electric shocks. (rElec)
You can survive without breathing.
You are immune to petrification.
You are immune to rotting.
Your large and strong wings let you fly indefinitely.
You are agile. (Dex +2)
Scrolls take you a little longer to read.
You expend magic power (3 MP) to strengthen your wands.


Message History

Amnesiac's ghost barely misses you.
You completely miss Amnesiac's ghost.
Amnesiac's ghost is heavily damaged.
Amnesiac's ghost hits you.
* * * LOW HITPOINT WARNING * * *
You block Amnesiac's ghost's attack.
You miss Amnesiac's ghost.
Amnesiac's ghost is heavily damaged.
Amnesiac's ghost yells, "Who would have thought, even in death it is a pleasure to sever!"
You block Amnesiac's ghost's attack.
You completely miss Amnesiac's ghost.
Amnesiac's ghost is heavily damaged.
Amnesiac's ghost completely misses you.
You completely miss Amnesiac's ghost.
Amnesiac's ghost is heavily damaged.
Amnesiac's ghost closely misses you.
You completely miss Amnesiac's ghost.
Amnesiac's ghost is heavily damaged.
Amnesiac's ghost hits you.
You die...

###.####..#.# .#..## ###W#
#.......#.. ##.... #.#
########.....# .#..# #.#
.............# ....### #..
########.....### .#......######..
######.<....##...............#
####.........#..W..........####.#
............)..##......... #.#
.............#.W@..........####.#
....)....)...####......[...W.....
.............# ................
.............# #........#......
....########## ...... #......
....# .........###### #####
........ ....... ?


You could see Amnesiac's ghost.

Vanquished Creatures
  The ghost of Soeti the Insei, an amateur OpTm (D:3)
  2 scorpions (D:4)
  A howler monkey (D:4)
  3 hounds
  Ijyb (D:3)
  An orc wizard (D:3)
  3 worker ants (D:4)
  Terence (D:2)
  A hound skeleton (D:4)
  3 gnolls (D:4)
  2 adders (D:2)
  2 oozes (D:4)
  2 worms (D:3)
  2 dart slugs (D:1)
  3 leopard geckos (D:3)
  3 orcs (D:3)
  2 ball pythons
  5 giant cockroaches
  7 goblins
  4 hobgoblins
  2 jackals (D:2)
  A quokka (D:2)
  2 bats
  5 frilled lizards
  10 kobolds
  A leopard gecko skeleton (D:4)
  A quokka skeleton (D:4)
  6 rats
77 creatures vanquished.

Notes
Turn   | Place    | Note
-------+----------+-------------------------------------------
     0 | D:1      | Kidiri the Gargoyle Fighter began the quest for the Orb.
     0 | D:1      | Reached XP level 1. HP: 14/14 MP: 1/1
   409 | D:1      | Reached XP level 2. HP: 14/19 MP: 2/2
   777 | D:2      | Found a sacrificial altar of Ru.
   826 | D:2      | Reached XP level 3. HP: 22/23 MP: 3/3
  1910 | D:3      | Reached XP level 4. HP: 28/29 MP: 4/4
  1918 | D:3      | Noticed Terence
  1968 | D:2      | Killed Terence
  1968 | D:2      | Reached skill level 1 in Stealth
  2291 | D:3      | Noticed Soeti's ghost (amateur OpTm)
  2313 | D:3      | Killed Soeti's ghost
  2313 | D:3      | Reached skill level 1 in Dodging
  2313 | D:3      | Reached XP level 5. HP: 13/33 MP: 5/5
  2529 | D:3      | Noticed Ijyb
  2545 | D:3      | Killed Ijyb
  2545 | D:3      | Reached XP level 6. HP: 34/38 MP: 6/6
  2608 | D:3      | Learned a level 3 spell: Mephitic Cloud
  2694 | D:3      | Reached skill level 1 in Throwing
  3197 | D:4      | Reached XP level 7. HP: 42/44 MP: 6/8
  3226 | D:4      | Noticed Amnesiac's ghost (novice SpBe)
  3278 | D:4      | Gained mutation: You expend magic power (3 MP) to strengthen your wands. [potion of mutation]
  3278 | D:4      | Gained mutation: Your large and strong wings let you fly indefinitely. [potion of mutation]
  3278 | D:4      | Gained mutation: Scrolls take you a little longer to read. [potion of mutation]
  3278 | D:4      | Gained mutation: You are agile. (Dex +2) [potion of mutation]
  3457 | D:4      | Reached skill level 1 in Spellcasting
  3740 | D:4      | Slain by Amnesiac's ghost

Vault maps used:
D:1:      dpeg_arrival_pits, roderic_lattice_a
D:2:      minmay_door_path, lemuel_doored_altar, hex_large
D:3:      first_ration, uniq_terence, uniq_ijyb
D:4:      serial_bayou_crossing

Skill      XL: |  1  2  3  4  5  6  7 |
---------------+----------------------+-----
Stealth        | 1 2 |  2.1
Shields        | 4 |  4.9
Fighting       | 4 |  4.8
Maces & Flails | 3 |  3.6
Armour         | 4 |  4.8
Dodging        | 1 |  1.5
Throwing       | 1 |  1.4
Spellcasting   | 1 |  1.1

Action                   |  1- 3 |  4- 6 |  7- 9 || total
-------------------------+-------+-------+-------++-------
Melee: Flail             |   142 |   197 |   163 ||   502
Throw: Javelin           |       |     3 |       ||     3
  Use: Scroll            |     3 |     2 |       ||     5
       Potion            |       |     1 |     3 ||     4
  Eat: Chunk             |    15 |     6 |     1 ||    22
Armor: Scale mail        |    73 |    78 |    65 ||   216
Dodge: Dodged            |    60 |    53 |    50 ||   163
Block: Shield            |    93 |    90 |    77 ||   260

Table legend:
 A = Spawn XP
 B = Non-spawn XP
 C = Spawn XP percentage of total XP
 D = Spawn monster count
 E = Non-spawn monster count
 F = Spawn count percentage of total count
 G = Total turns spent on level
                    A         B        C        D         E        F      G
               +---------+---------+-------+---------+---------+-------+---------
         Total |       0 |     841 |   0.0 |       0 |      77 |   0.0 |  3740
               +---------+---------+-------+---------+---------+-------+---------
           D:1 |       0 |      26 |   0.0 |       0 |      13 |   0.0 |   813
           D:2 |       0 |      88 |   0.0 |       0 |      21 |   0.0 |  1298
           D:3 |       0 |     262 |   0.0 |       0 |      23 |   0.0 |  1043
           D:4 |       0 |     465 |   0.0 |       0 |      20 |   0.0 |   586
               +---------+---------+-------+---------+---------+-------+---------
